 Dungeon Crawl Stone Soup version 0.32-a0-607-g64ea0e4219 (webtiles) character file.

Game seed: 592667056533994558

1222 zenocrate the Digger (level 8, -6/58 HPs)
             Began as a Gnoll Earth Elementalist on Mar 3, 2024.
             Mangled by a gnoll sergeant
             ... wielding a +0 spear of venom
              (10 damage)
             ... on level 4 of the Dungeon on Mar 4, 2024.
             The game lasted 00:06:48 (4978 turns).

zenocrate the Digger (Gnoll Earth Elementalist)     Turns: 4978, Time: 00:06:49

Health: -6/58      AC:  3    Str:  8    XL:     8   Next: 47%
Magic:  8/17       EV: 14    Int: 17    God:
Gold:   173        SH:  5    Dex: 12    Spells: 8/19 levels left

rFire   + . .        a - +2 dagger (venom)
rCold   + . .        (no shield)
rNeg    . . .        h - +0 robe
rPois   .            (no helmet)
rElec   .            v - scarf {rC+ rF+}
rCorr   .            u - +0 pair of gloves
SInv    .            (no boots)
Will    .....        q - amulet of reflection
Stlth   +++          (no ring)
HPRegen 0.29/turn    (no ring)
MPRegen 0.15/turn

%: reflection
@: lethally poisoned (-6 -> -18)
A: fangs 1, strong nose, distributed training
a: no special abilities


You were on level 4 of the Dungeon.
You visited 1 branch of the dungeon, and saw 5 of its levels.

You collected 173 gold pieces.

Inventory:

Hand Weapons
 a - a +2 dagger of venom (weapon)
 t - a +2 short sword of flaming
Armour
 h - a +0 robe (worn)
 u - a +0 pair of gloves (worn)
 v - a scarf of resistance (worn)
Jewellery
 q - an amulet of reflection (around neck)
Scrolls
 d - a scroll of revelation {unknown}
 f - a scroll of poison {unknown}
 i - a scroll of silence {unknown}
 n - a scroll of fog {unknown}
 o - 2 scrolls of blinking {unknown}
 p - 2 scrolls of teleportation {unknown}
 r - a scroll of enchant weapon {unknown}
 s - a scroll of vulnerability {unknown}
 x - a scroll of identify
Potions
 b - a potion of magic
 c - 2 potions of curing
 e - 2 potions of attraction
 j - a potion of might
 k - a potion of berserk rage
 l - a potion of brilliance {unknown}
 m - 2 potions of invisibility {unknown}
 w - a potion of cancellation {unknown}


   Skills:
 + Level 3.4 Fighting
 + Level 3.4 Short Blades
 + Level 3.4 Long Blades
 + Level 3.4 Axes
 + Level 3.4 Maces & Flails
 + Level 3.4 Polearms
 + Level 3.4 Staves
 + Level 3.4 Ranged Weapons
 + Level 3.4 Throwing
 + Level 3.4 Armour
 + Level 5.8 Dodging
 + Level 5.4 Stealth
 + Level 3.4 Shields
 + Level 3.4 Unarmed Combat
 + Level 6.1 Spellcasting
 + Level 3.6 Conjurations
 + Level 2.8 Hexes
 + Level 2.8 Summonings
 + Level 2.8 Necromancy
 + Level 2.8 Translocations
 + Level 2.8 Fire Magic
 + Level 2.8 Ice Magic
 + Level 2.8 Air Magic
 + Level 6.2 Earth Magic
 + Level 2.8 Alchemy
 + Level 3.8 Invocations
 + Level 3.4 Evocations
 + Level 3.1 Shapeshifting


You had 8 spell levels left.
You knew the following spells:

 Your Spells              Type           Power      Damage    Failure   Level
a - Stone Arrow           Conj/Erth      42%        3d9       4%          3
b - Sandblast             Erth           52%        2d12      1%          1
c - Brom's Barrelling Bo  Conj/Erth      21%        2d4       17%         4
w - Passwall              Erth           26%        N/A       3%          3

Your spell library contained the following spells:

 Spells                   Type           Power      Damage    Failure   Level
 Petrify                  Alch/Erth      20%        N/A       21%         4


Dungeon Overview and Level Annotations

Branches:
Dungeon (5/15)
 Temple: D:4-7

Altars:
Elyvilon
Hepliaklqana


Innate Abilities, Weirdness & Mutations

You have very sharp teeth.
Your uncanny sense of smell can sniff out nearby items.
Your experience applies equally to all skills.


Message History

The gnoll sergeant hits you with a +0 spear of venom!
You are poisoned.
The gnoll closely misses you. The gnoll hits you with a +0 club.
You climb upwards.
You feel very sick.
There is a stone staircase leading down here.
Casting: Stone Arrow (dangerous; 4% risk of failure)
Confirm with . or Enter, or press ? or * to list all spells.
Aiming: Stone Arrow (dangerous; 4% risk of failure)
Press: ? - help, Shift-Dir - straight line, f - gnoll sergeant
Aim: a gnoll sergeant, wielding a +0 spear of venom and wearing a +0 scale mail (heavily wounded, 79% to hit)
The stone arrow hits the gnoll sergeant!
The gnoll sergeant is almost dead.
You feel sick. The gnoll misses you. The gnoll sergeant closely misses you.
You block the gnoll's attack.
Unknown command.
Casting: Stone Arrow (dangerous; 4% risk of failure)
Confirm with . or Enter, or press ? or * to list all spells.
Aiming: Stone Arrow (dangerous; 4% risk of failure)
Press: ? - help, Shift-Dir - straight line, f/p - gnoll sergeant
Aim: a gnoll sergeant, wielding a +0 spear of venom and wearing a +0 scale mail (almost dead, 79% to hit)
The stone arrow misses the gnoll sergeant.
You feel sick. The gnoll hits you with a +0 whip.
The gnoll sergeant hits you with a +0 spear of venom.
You are more poisoned.
The gnoll hits you with a +0 club!
* * * LOW HITPOINT WARNING * * *
Unknown command.
Casting: Stone Arrow (dangerous; 4% risk of failure)
Confirm with . or Enter, or press ? or * to list all spells.
Aiming: Stone Arrow (dangerous; 4% risk of failure)
Press: ? - help, Shift-Dir - straight line, f/p - gnoll sergeant
Aim: a gnoll sergeant, wielding a +0 spear of venom and wearing a +0 scale mail (almost dead, 79% to hit)
The stone arrow misses the gnoll sergeant.
* * * LOW HITPOINT WARNING * * *
You feel very sick. The gnoll hits you with a +0 whip!
* * * LOW HITPOINT WARNING * * *
The gnoll sergeant hits you with a +0 spear of venom!
You die...

#......######
#.#
##.#.#.)....#
#.#
#......#....#
#.#
##.#.###....#
#.#
#.....##...(#
#.#
##.#.###....#
#.#
#.....##....#
#.#
##g#.###.####
#.#
#@g...##.#
#.#
##g#.#...#
###.#
#.g....###
#...(
##.#.###
#.#.# #....)#
##+#..
##.#.##
#..... #####
#....# #.)..#
#....#


You could see a gnoll sergeant and 3 gnolls.

Vanquished Creatures
  Duvessa (D:5)
  A black bear (D:4)
  A sky beast (D:5)
  An ice beast (D:4)
  2 ogres
  A phantom (D:5)
  A scorpion (D:5)
  Dowan (D:5)
  A howler monkey (D:5)
  A bombardier beetle (D:4)
  2 jellies (D:5)
  3 sleepcaps
  3 iguanas
  An orc wizard (D:4)
  A gnoll (D:4)
  9 adders
  5 ribbon worms
  A dart slug (D:3)
  9 orcs
  10 ball pythons
  7 endoplasms
  2 giant cockroaches
  7 hobgoblins
  4 jackals (D:3)
  2 quokkas
  2 bats
  4 frilled lizards
  2 goblins
  7 kobolds
  5 rats
97 creatures vanquished.

Notes
Turn   | Place    | Note
-------+----------+-------------------------------------------
     0 | D:1      | zenocrate the Gnoll Earth Elementalist began the quest for
                  | the Orb.
     0 | D:1      | Reached XP level 1. HP: 13/13 MP: 6/6
   231 | D:1      | Reached XP level 2. HP: 19/19 MP: 5/7
  1048 | D:2      | Reached skill level 5 in Spellcasting
  1048 | D:2      | Reached XP level 3. HP: 24/25 MP: 5/9
  1098 | D:2      | Learned a level 3 spell: Stone Arrow
  1102 | D:2      | Learned a level 3 spell: Passwall
  1181 | D:2      | Reached skill level 1 in Invocations
  1513 | D:2      | Reached skill level 1 in Fighting
  1513 | D:2      | Reached skill level 1 in Short Blades
  1513 | D:2      | Reached skill level 1 in Long Blades
  1513 | D:2      | Reached skill level 1 in Axes
  1513 | D:2      | Reached skill level 1 in Maces & Flails
  1513 | D:2      | Reached skill level 1 in Polearms
  1513 | D:2      | Reached skill level 1 in Staves
  1513 | D:2      | Reached skill level 1 in Ranged Weapons
  1513 | D:2      | Reached skill level 1 in Throwing
  1513 | D:2      | Reached skill level 1 in Armour
  1513 | D:2      | Reached skill level 1 in Shields
  1513 | D:2      | Reached skill level 1 in Unarmed Combat
  1513 | D:2      | Reached skill level 1 in Evocations
  1692 | D:2      | Reached skill level 1 in Shapeshifting
  1692 | D:2      | Reached XP level 4. HP: 32/32 MP: 9/11
  1732 | D:2      | Learned a level 4 spell: Brom's Barrelling Boulder
  1868 | D:2      | Reached skill level 1 in Hexes
  1868 | D:2      | Reached skill level 1 in Summonings
  1868 | D:2      | Reached skill level 1 in Necromancy
  1868 | D:2      | Reached skill level 1 in Translocations
  1868 | D:2      | Reached skill level 1 in Fire Magic
  1868 | D:2      | Reached skill level 1 in Ice Magic
  1868 | D:2      | Reached skill level 1 in Air Magic
  1868 | D:2      | Reached skill level 1 in Alchemy
  2688 | D:4      | Reached XP level 5. HP: 26/37 MP: 5/12
  2810 | D:4      | Noticed a black bear
  2812 | D:4      | Noticed an ogre
  2814 | D:4      | Killed a black bear
  2815 | D:4      | Reached XP level 6. HP: 40/44 MP: 9/14
  2818 | D:4      | Reached skill level 5 in Dodging
  3551 | D:4      | Reached XP level 7. HP: 35/50 MP: 2/15
  3732 | D:4      | Found a white marble altar of Elyvilon.
  3733 | D:4      | Found a hazy altar of Hepliaklqana.
  3883 | D:5      | Entered Level 5 of the Dungeon
  3891 | D:5      | Noticed Duvessa
  4000 | D:5      | Killed Duvessa
  4015 | D:5      | Noticed Dowan
  4018 | D:5      | Killed Dowan
  4019 | D:5      | Reached skill level 5 in Stealth
  4367 | D:5      | Reached XP level 8. HP: 58/58 MP: 5/16
  4978 | D:4      | Mangled by a gnoll sergeant

Illustrated notes

Levels and vault maps discovered:
D:1:      psy_arrival_spokes, layout_basic
D:2:      layout_loops_corners, minmay_box_of_dots
D:3:      layout_rooms
D:4:      layout_basic, gammafunk_temple_overflow_pools, st_stairs_13,
          kennysheep_generic_room_12
D:5:      cheibrodos_helix_gallery, layout_loops_ring,
          gammafunk_temple_overflow_forgotten, minmay_temple_entry_slanted,
          kennysheep_nub, chequers_serial_rivers_small_b,
          hangedman_minor_gate_pass, uniq_duvessa

Skill      XL: |  1  2  3  4  5  6  7  8 |
---------------+-------------------------+-----
Conjurations   | 2 3 |  3.6
Spellcasting   | 5 6 |  6.1
Invocations    | 1 2 3 |  3.8
Fighting       | 1 2 3 |  3.4
Short Blades   | 1 2 3 |  3.4
Long Blades    | 1 2 3 |  3.4
Axes           | 1 2 3 |  3.4
Maces & Flails | 1 2 3 |  3.4
Polearms       | 1 2 3 |  3.4
Staves         | 1 2 3 |  3.4
Ranged Weapons | 1 2 3 |  3.4
Throwing       | 1 2 3 |  3.4
Armour         | 1 2 3 |  3.4
Shields        | 1 2 3 |  3.4
Unarmed Combat | 1 2 3 |  3.4
Evocations     | 1 2 3 |  3.4
Shapeshifting  | 1 2 3 |  3.1
Hexes          | 1 2 |  2.8
Summonings     | 1 2 |  2.8
Necromancy     | 1 2 |  2.8
Translocations | 1 2 |  2.8
Fire Magic     | 1 2 |  2.8
Ice Magic      | 1 2 |  2.8
Air Magic      | 1 2 |  2.8
Alchemy        | 1 2 |  2.8
Dodging        | 5 |  5.8
Stealth        | 5 |  5.4
Earth Magic    | 6 |  6.2

Action                     |  1- 3 |  4- 6 |  7- 9 || total
---------------------------+-------+-------+-------++-------
  Melee: Dagger            |    11 |     1 |    11 ||    23
         Bite              |     1 |       |     1 ||     2
         Unarmed           |       |       |     1 ||     1
   Cast: Sandblast         |    31 |    49 |    13 ||    93
         Stone Arrow       |       |    23 |    43 ||    66
    Use: Scroll            |     3 |     2 |       ||     5
         Potion            |       |       |     1 ||     1
   Stab: Sleeping          |     3 |     1 |       ||     4
 Armour: Robe              |     8 |    19 |    24 ||    51
         Skin              |       |       |    12 ||    12
  Dodge: Dodged            |    10 |    11 |    30 ||    51
  Block: Other             |       |     2 |    15 ||    17

Table legend: (Time is in decaauts)
 A = Elapsed time spent in this place.
 B = Non-inter-level travel time spent in this place.
 C = Inter-level travel time spent in this place.
 D = Time resting spent in this place.
 E = Time spent auto-exploring this place.
 F = Levels seen in this place.
 G = Mean time per level.
                   A        B        C        D        E       F      G
               +--------+--------+--------+--------+--------+-----+--------+
         Total |   5025 |   4914 |    111 |      0 |   4284 |   5 | 1005.0 |
       Dungeon |   5025 |   4914 |    111 |      0 |   4284 |   5 | 1005.0 |
               +--------+--------+--------+--------+--------+-----+--------+

Top non-repeatable levels by time:
     D:4: 1580 daAuts
     D:2: 1142 daAuts
     D:1: 897 daAuts
     D:3: 760 daAuts
     D:5: 645 daAuts
